 Dungeon Crawl Stone Soup version 0.20.1-1-g8b1a95d (webtiles) character file.

19774 robertstho the Severer (level 12, -5/168 HPs)
             Began as a Minotaur Berserker on July 28, 2017.
             Was a High Priest of Trog.
             Slain by a ghoul (6 damage)
             ... on level 13 of the Dungeon.
             The game lasted 00:42:35 (11755 turns).

robertstho the Severer (Minotaur Berserker)        Turns: 11755, Time: 00:42:35

Health: -5/168     AC: 19    Str: 28 (29) XL:     12   Next: 39%
Magic:  11/11      EV:  9    Int:  4 (5)  God:    Trog [*****.]
Gold:   865        SH:  4    Dex: 11 (12) Spells: 11/11 levels left

rFire    . . .     SeeInvis .   t - +5 battleaxe (venom)
rCold    + . .     Gourm    .   (shield currently unavailable)
rNeg     . . .     Faith    .   d - +0 plate armour
rPois    .         Spirit   .   I - +1 hat {MR+}
rElec    .         Reflect  +   r - +0 cloak
rCorr    .         Harm     .   n - +0 pair of gloves
MR       +....                  (no boots)
Stlth    ..........             W - +4 amulet of reflection
Regen    0.4/turn               v - ring of protection from cold
MPRegen  0.2/turn               (no ring)

@: berserking (expiring), very quick
A: retaliatory headbutt, horns 2, deterioration 1, wild magic 1
a: Berserk, Trog's Hand, Brothers in Arms, Burn Spellbooks, Renounce Religion


You were on level 13 of the Dungeon.
You worshipped Trog.
Trog was extremely pleased with you.
You were very hungry.

You visited 1 branch of the dungeon, and saw 13 of its levels.
You also visited: Sewer and Ossuary.

You collected 865 gold pieces.

Inventory:

Hand Weapons
 m - a +0 war axe
 t - a +5 battleaxe of venom (weapon)
 D - the +0 quarterstaff of Insomnia {crush, rF+++ Int-3}
   (You found it on level 4 of the Dungeon)

   It inflicts extra damage upon your enemies.
   It affects your intelligence (-3).
   It renders you almost immune to fire.
 G - a +0 flail
Missiles
 U - 4 throwing nets (quivered)
Armour
 a - a +0 large shield
 d - a +0 plate armour (worn)
 n - a +0 pair of gloves (worn)
 r - a +0 cloak (worn)
 I - a +1 hat of magic resistance (worn)
 N - a +0 buckler
Jewellery
 v - a ring of protection from cold (left hand)
 W - a +4 amulet of reflection (around neck)
Wands
 w - a wand of enslavement (19/24)
 y - a wand of scattershot (6/9)
 A - a wand of iceblast (5/15)
 E - a wand of paralysis (8/24)
 F - a wand of disintegration (17/24)
 X - a wand of polymorph (7/24)
 Y - a wand of lightning (4/15)
Scrolls
 b - 3 scrolls of teleportation
 g - a scroll of amnesia {unknown}
 h - 2 scrolls of enchant armour {unknown}
 p - 6 scrolls of blinking
 q - 8 scrolls of remove curse {unknown}
 s - 3 scrolls of magic mapping
 u - a scroll of fear {unknown}
 J - 3 scrolls of random uselessness {unknown}
 L - a scroll of brand weapon {unknown}
 Q - 2 scrolls of enchant weapon {unknown}
 R - a scroll of silence {unknown}
 T - a scroll of vulnerability {unknown}
 V - 2 scrolls of recharging {unknown}
Potions
 e - 3 potions of cancellation
 j - 3 potions of invisibility
 l - a potion of brilliance {unknown}
 x - a potion of might
 z - 2 potions of ambrosia
 B - 3 potions of magic
 C - 2 potions of resistance
 K - a potion of agility
 M - 3 potions of haste
Miscellaneous
 o - a box of beasts
Comestibles
 c - 10 bread rations
 f - 2 royal jellies
 i - 5 meat rations
 k - 7 fruits


   Skills:
 * Level 12.0 Fighting
 * Level 17.0 Axes
 + Level 1.7 Staves
 + Level 11.8 Armour
 + Level 3.2 Dodging
 + Level 1.1 Stealth
 + Level 1.2 Shields


You had 11 spell levels left.
You didn't know any spells.

Dungeon Overview and Level Annotations

Branches:
Dungeon (13/15)            Temple (0/1) D:7            Lair (0/6) D:10
    Orc (0/2) D:11
 Vaults: D:13-14

Altars:
Elyvilon
Xom
Beogh

Portals:
Trove: D:10 (give 8 potions of haste)


Innate Abilities, Weirdness & Mutations

You reflexively headbutt those who attack you in melee.
You have a pair of horns on your head.
Your body sometimes deteriorates upon taking damage.
Your spells are a little harder to cast, but a little more powerful.


Message History

The titanic slime creature looks as sick as possible!
You headbutt the titanic slime creature!
The titanic slime creature is almost dead.
You slash the ghoul! You closely miss the meliai zombie.
The meliai zombie hits you.
The meliai zombie hits you but does no damage.
The ghoul barely misses you. You furiously retaliate!
You headbutt the ghoul!! The ghoul claws you but does no damage.
The titanic slime creature hits you!!!!
* * * LOW HITPOINT WARNING * * *
You slice the titanic slime creature!!
The titanic slime creature is almost dead.
You slice the meliai zombie!!
You destroy the meliai zombie!
Trog accepts your kill.
You slash the ghoul! You slash the wyvern zombie! The wyvern zombie bites you.
* * * LOW HITPOINT WARNING * * *
The ghoul claws you.
* * * LOW HITPOINT WARNING * * *
The ghoul claws you.
You die...

#.?......
#........
#........
#.........
#.........#
#...........
#............
#@Z..........
#.nW.........
#JZ........#
#..........####
#..............
#..............
#..............
#......<..#..
##+########


You could see a ghoul, a titanic slime creature, a phantom, a bullfrog zombie
and a wyvern zombie.

Vanquished Creatures
  Gastronok (D:8)
  Snorg (D:11)
  5 two-headed ogres
  An orc knight (D:11)
  3 cyclopes
  2 ugly things (D:11)
  Joseph (D:8)
  A gargoyle (D:8)
  Psyche (D:8)
  A komodo dragon (D:10)
  2 trolls
  2 hippogriffs
  A meliai zombie (D:13)
  2 water elementals (D:11)
  A wraith (D:10)
  2 wyverns
  A spriggan (D:8)
  A hungry ghost (D:7)
  5 water moccasins
  8 orc warriors
  5 ice beasts
  3 phantoms
  3 sky beasts
  2 necrophages
  9 ogres
  13 centaurs
  2 crocodiles
  2 big kobolds
  Blork the orc (D:6)
  A gnoll sergeant (D:9)
  5 bullfrogs
  2 wyvern zombies
  A scorpion (D:8)
  A howler monkey (D:8)
  7 wights (D:9)
  3 electric eels (D:11)
  4 crimson imps
  3 centaur zombies
  3 jellies
  4 bullfrog zombies
  5 hounds
  15 orc priests
  2 centaur skeletons (D:8)
  19 orc wizards
  8 worker ants
  2 iguanas
  7 hound zombies
  13 mummies (Ossuary)
  A howler monkey zombie (Ossuary)
  5 worker ant zombies (Ossuary)
  7 gnolls (D:9)
  17 adders
  A river rat (D:3)
  2 shadow imps (D:7)
  An ooze (D:3)
  6 adder zombies
  An adder skeleton (D:4)
  A worm (D:2)
  3 dart slugs
  13 leopard geckos
  36 orcs
  9 giant cockroaches
  13 goblins
  11 hobgoblins
  6 jackals (D:1)
  14 kobolds
  4 quokkas
  7 ball pythons
  3 bats
  10 frilled lizards
  4 jackal zombies (Ossuary)
  A leopard gecko zombie (Ossuary)
  A quokka zombie (Ossuary)
  13 rats
377 creatures vanquished.

Vanquished Creatures (collateral kills)
  A hydra (D:8)
1 creature vanquished.

Vanquished Creatures (others)
  An orc warrior (D:7)
  A plant (D:10)
  3 withered plants (Ossuary)
5 creatures vanquished.

Grand Total: 383 creatures vanquished

Notes
Turn   | Place    | Note
-------+----------+-------------------------------------------
     0 | D:1      | robertstho the Minotaur Berserker began the quest for the Orb.
     0 | D:1      | Reached XP level 1. HP: 19/19 MP: 0/0
    67 | D:1      | Reached XP level 2. HP: 14/27 MP: 1/1
   222 | D:1      | Reached skill level 4 in Axes
   453 | D:2      | Reached XP level 3. HP: 28/33 MP: 2/2
   484 | D:2      | Reached ** piety under Trog
   608 | D:2      | Found a white marble altar of Elyvilon.
   862 | D:2      | Reached XP level 4. HP: 31/41 MP: 3/3
  1240 | D:3      | Reached skill level 5 in Axes
  1348 | D:3      | Found a glowing drain.
  1351 | D:3      | Reached *** piety under Trog
  1370 | Sewer    | Entered a sewer
  1493 | Sewer    | Reached XP level 5. HP: 46/47 MP: 4/4
  1613 | Sewer    | Reached skill level 5 in Fighting
  1623 | Sewer    | Reached skill level 6 in Axes
  1623 | Sewer    | Reached XP level 6. HP: 36/56 MP: 5/5
  2243 | D:4      | Found a shimmering altar of Xom.
  2539 | D:4      | You fall through a shaft for 2 floors!
  2558 | D:6      | Reached **** piety under Trog
  2576 | D:6      | Noticed Blork the orc
  2585 | D:6      | Killed Blork the orc
  2735 | D:6      | Reached skill level 7 in Axes
  2735 | D:6      | Reached skill level 5 in Armour
  2735 | D:6      | Reached XP level 7. HP: 42/62 MP: 6/6
  3059 | D:5      | Entered Level 5 of the Dungeon
  3147 | D:5      | Reached skill level 8 in Axes
  3378 | D:5      | Reached XP level 8. HP: 71/71 MP: 7/7
  4089 | D:4      | Got an ichor-stained quarterstaff
  4090 | D:4      | Identified the +0 quarterstaff of Insomnia {crush, rF+++ Int-3} (You found it on level 4 of the Dungeon)
  4313 | D:7      | Reached skill level 9 in Axes
  4897 | D:7      | Reached skill level 10 in Axes
  5052 | D:7      | Found a staircase to the Ecumenical Temple.
  5130 | D:7      | Reached XP level 9. HP: 27/79 MP: 8/8
  5560 | D:8      | Noticed a two-headed ogre
  5560 | D:8      | Noticed Gastronok
  5574 | D:8      | Killed a two-headed ogre
  5574 | D:8      | Reached skill level 11 in Axes
  5579 | D:8      | Killed Gastronok
  5579 | D:8      | Reached skill level 12 in Axes
  5579 | D:8      | Reached XP level 10. HP: 51/90 MP: 9/9
  5649 | D:8      | Noticed a four-headed hydra
  5655 | D:8      | Killed a four-headed hydra
  5771 | D:8      | Reached skill level 10 in Armour
  5771 | D:8      | Reached skill level 1 in Stealth
  5805 | D:8      | Noticed a two-headed ogre
  5814 | D:8      | Killed a two-headed ogre
  5814 | D:8      | Reached skill level 13 in Axes
  5814 | D:8      | Reached skill level 1 in Staves
  5816 | D:8      | Noticed Psyche
  5820 | D:8      | Noticed a gargoyle
  5838 | D:8      | Gained mutation: Your body sometimes deteriorates upon taking damage. [potion of mutation]
  5838 | D:8      | Gained mutation: Your spells are a little harder to cast, but a little more powerful. [potion of mutation]
  6218 | D:8      | Killed Psyche
  6219 | D:8      | Killed a gargoyle
  6294 | D:8      | Found a sand-covered staircase.
  6298 | Ossuary  | Entered an ossuary
  6313 | Ossuary  | Reached skill level 10 in Fighting
  6357 | Ossuary  | Reached ***** piety under Trog
  6932 | D:8      | Reached XP level 11. HP: 98/99 MP: 10/10
  6936 | D:8      | Noticed a two-headed ogre
  6941 | D:8      | Killed a two-headed ogre
  6941 | D:8      | Reached skill level 14 in Axes
  7204 | D:8      | Noticed Joseph
  7213 | D:8      | Killed Joseph
  8561 | D:9      | Found a roughly hewn altar of Beogh.
  8724 | D:10     | Entered Level 10 of the Dungeon
  8766 | D:10     | Received a gift from Trog
  8969 | D:10     | Found a portal to a secret trove of treasure.
  9018 | D:10     | Found a staircase to the Lair.
  9034 | D:10     | Noticed a two-headed ogre
  9039 | D:10     | Killed a two-headed ogre
  9295 | D:11     | Reached skill level 15 in Axes
  9347 | D:11     | Noticed a two-headed ogre
  9352 | D:11     | Killed a two-headed ogre
  9391 | D:11     | Noticed a purple ugly thing
  9399 | D:11     | Killed a purple ugly thing
  9748 | D:11     | Noticed a green ugly thing
  9756 | D:11     | Killed a green ugly thing
  9788 | D:11     | Noticed Snorg
  9801 | D:11     | Killed Snorg
 10009 | D:11     | Reached skill level 16 in Axes
 10188 | D:11     | Reached XP level 12. HP: 92/110 MP: 11/11
 10531 | D:11     | Found a staircase to the Orcish Mines.
 10541 | D:11     | Reached skill level 1 in Shields
 10700 | D:11     | Received a gift from Trog
 11627 | D:12     | Reached skill level 17 in Axes
 11740 | D:13     | Noticed a ghoul
 11754 | D:13     | HP: 6/168 [wyvern zombie (5)]
 11755 | D:13     | HP: 1/168 [ghoul (5)]
 11755 | D:13     | Slain by a ghoul

Skill      XL: |  1  2  3  4  5  6  7  8  9 10 11 12 |
---------------+-------------------------------------+-----
Axes           | 4 5 6 7 8 10 12 13 16 17 | 17.0
Fighting       | 4 5 6 7 8 10 11 12 | 12.0
Armour         | 3 4 5 6 7 9 10 11 | 11.8
Stealth        | 1 |  1.1
Staves         | 1 |  1.7
Dodging        | 3 |  3.2
Shields        | 1 |  1.2

Action                   |  1- 3 |  4- 6 |  7- 9 | 10-12 || total
-------------------------+-------+-------+-------+-------++-------
Melee: Hand axe          |   106 |   124 |       |       ||   230
       Headbutt          |    13 |    29 |    32 |   138 ||   212
       War axe           |       |    49 |   175 |   363 ||   587
       Quarterstaff      |       |       |       |     2 ||     2
       Battleaxe         |       |       |       |   249 ||   249
Invok: Berserk           |       |       |     1 |    12 ||    13
       Trog's Hand       |       |       |       |     6 ||     6
       Brothers in Arms  |       |       |       |     2 ||     2
       Burn Spellbooks   |       |       |       |     2 ||     2
  Use: Potion            |       |       |       |     8 ||     8
       Scroll            |       |       |       |    18 ||    18
  Eat: Chunk             |       |     3 |     6 |    15 ||    24
       Meat ration       |       |     1 |     1 |     3 ||     5
       Fruit             |       |       |       |     2 ||     2
Armor: Animal skin       |     3 |       |       |       ||     3
       Plate armour      |    52 |   121 |    95 |   362 ||   630
Dodge: Dodged            |    46 |    57 |    46 |   210 ||   359
Block: Other             |       |       |       |    39 ||    39
       Reflection        |       |       |       |     7 ||     7
